 Seeded DCSS version 0.28.0-43-g3370ac3207 (webtiles) character file.

Game seed: 13591998346360536447 (custom seed)

1231 hikkokomori the Skirmisher (level 8, -5/71 HPs)
             Began as a Hill Orc Fighter on Mar 1, 2022.
             Slain by an iguana (7 damage)
             ... on level 5 of the Dungeon.
             The game lasted 00:09:16 (5354 turns).

hikkokomori the Skirmisher (Hill Orc Fighter)       Turns: 5354, Time: 00:09:17

Health: -5/71      AC: 21    Str: 24    XL:     8   Next: 48%
Magic:  8/8        EV:  6    Int: 14    God:
Gold:   1242       SH:  5    Dex: 10    Spells: 7/7 levels left

rFire   + . .      SeeInvis .   v - +1 whip of Eternal Harmony {flame, rElec Int+2}
rCold   . . .      Faith    .   c - +0 buckler
rNeg    . . .      Spirit   .   A - +4 plate armour
rPois   .          Reflect  .   u - +1 hat
rElec   +          Harm     .   (no cloak)
rCorr   +          Rampage  .   h - +2 pair of gloves "Coitod" {Str+3 Int+4}
Will    .....                   (no boots)
Stlth   ..........              d - amulet of Agnosticism {rElec Regen+ rCorr}
HPRegen 1.01/turn               o - ring of protection from fire
MPRegen 0.11/turn               i - ring of resist corrosion

@: flying
A: no striking features
a: Convert to Beogh


You were on level 5 of the Dungeon.
You visited 1 branch of the dungeon, and saw 7 of its levels.

You collected 1242 gold pieces.

Inventory:

Hand Weapons
 a - a +0 war axe
 v - the +1 whip of Eternal Harmony (weapon) {flame, rElec Int+2}
   (You found it on level 3 of the Dungeon)

   It burns those it strikes, dealing additional fire damage.
   Int:       It affects your intelligence (+2).
   rElec:     It insulates you from electricity.
 B - a +2 vorpal broad axe
Armour
 b - a +0 scale mail
 c - a +0 buckler (worn)
 f - a scarf of harm
 h - the +2 pair of gloves "Coitod" (worn) {Str+3 Int+4}
   (You acquired it on level 6 of the Dungeon)

   Str:       It affects your strength (+3).
   Int:       It affects your intelligence (+4).
 u - a +1 hat (worn)
 A - a +4 plate armour (worn)
Jewellery
 d - the amulet of Agnosticism (around neck) {rElec Regen+ rCorr}
   (You acquired it on level 6 of the Dungeon)

   [amulet of regeneration]

   rElec:     It insulates you from electricity.
   Regen:     It increases your rate of health regeneration.
   rCorr:     It protects you from acid and corrosion.
 i - a ring of resist corrosion (right hand)
 o - a ring of protection from fire (left hand)
 q - a ring of protection from fire
Wands
 l - a wand of flame (10)
 n - a wand of polymorph (11)
 p - a wand of iceblast (5)
 y - a wand of mindburst (17)
Scrolls
 e - a scroll of teleportation
 k - a scroll of vulnerability {unknown}
 t - a scroll of torment
 w - a scroll of amnesia {unknown}
 C - a scroll of noise {unknown}
Potions
 g - a potion of haste
 j - a potion of attraction {unknown}
 r - a potion of lignification
 x - a potion of mutation
 z - a potion of ambrosia


   Skills:
 + Level 6.9 Fighting
 - Level 4.2(5.5) Axes
 + Level 4.3(5.0) Maces & Flails
 + Level 6.3 Armour
 + Level 6.3 Shields


You had 7 spell levels left.
You didn't know any spells.
Your spell library contained the following spells:

 Spells                   Type           Power      Damage    Failure   Level
 Static Discharge         Conj/Air       0%         N/A       100%        2
 Sublimation of Blood     Necr           0%         N/A       100%        2
 Wereblood                Tmut           0%         N/A       100%        2
 Ozocubu's Armour         Ice            0%         N/A       100%        3
 Dispel Undead            Necr           0%         3d6       100%        4
 Sticky Flame             Conj/Fire      0%         2d3       100%        4
 Ozocubu's Refrigeration  Ice            0%         4d5       100%        7
 Summon Hydra             Summ           0%         N/A       100%        7


Dungeon Overview and Level Annotations

Branches:
Dungeon (7/15)             Temple (0/1) D:6

Altars:
Hepliaklqana
The Shining One

Annotations:
D:3 2 transporters, suduhmizer's ghost, amateur TrHu
D:5 Edmund; Ijyb


Message History

Pain shoots through your body! The iguana barely misses you.
The orc wizard hits you with a +2 dagger of speed.
Ijyb zaps a wand.
Your will is overpowered!
You are confused.
It was a potion of flight.
You feel very buoyant.
You fly up into the air.
The orc wizard barely misses you.
Edmund the Younger comes into view.
He is wielding a +3 flail of holy wrath and wearing a +1 chain mail of willpower.
The iguana barely misses you.
The ogre hits you with a +0 giant club!!
You completely miss the orc priest.
The orc wizard hits you but does no damage.
The orc priest mumbles some strange prayers to Beogh against you.
Beogh smites you!
The iguana bites you but does no damage.
Edmund says, "I'm quite good with sums, too."
The orc wizard hits you with a +2 dagger of speed.
You are too confused!
Unknown command.
It was a potion of curing.
You feel better. The ogre hits you with a +0 giant club.
The orc wizard hits you but does no damage.
Ijyb hits you but does no damage.
The orc priest calls down the wrath of Beogh upon you.
Beogh smites you!
* * * LOW HITPOINT WARNING * * *
The iguana completely misses you. You block the orc's attack.
As you read the scroll labelled JICAKA SUNO, it crumbles to dust.
Your body is wracked with pain!
* * * LOW HITPOINT WARNING * * *
The orc wizard convulses!
The ogre convulses!
The orc priest convulses!
The iguana convulses!
The orc convulses!
Ijyb convulses!
The iguana convulses!
The adder convulses!
Edmund convulses!
It was a scroll of torment.
You block the orc wizard's attack. The ogre hits you with a +0 giant club!
* * * LOW HITPOINT WARNING * * *
Ijyb hits you with a +0 club.
* * * LOW HITPOINT WARNING * * *
The orc priest calls upon Beogh to heal the orc.
The orc's wounds heal themselves!
The iguana bites you!
You die...

:. +...$....#
..##..$..<..#
.........@..
...........#
...........#
...S.l...#
#.goo..#
#..@o..#
#..Ol..#
#......#
#......#
########


You could see Edmund, an ogre, Ijyb, 2 iguanas, an orc priest, an orc wizard, an
adder and an orc.

Vanquished Creatures
  A steam dragon (D:6)
  2 sky beasts (D:6)
  2 ice beasts
  2 black bears (D:6)
  A centaur zombie (D:6)
  2 hounds
  3 bullfrog skeletons
  A gnoll shaman (D:6)
  An iguana (D:6)
  Natasha (thrice) (D:2)
  2 hound skeletons (D:4)
  7 gnolls
  4 adders
  A howler monkey skeleton (D:6)
  An ufetubus (D:6)
  2 adder skeletons (D:4)
  3 worms
  6 dart slugs
  An orc (D:3)
  3 bats
  8 endoplasms
  2 giant cockroaches
  10 hobgoblins
  5 jackals
  8 kobolds
  A quokka (D:2)
  5 ball pythons
  A frilled lizard (D:2)
  4 goblins
  9 rats
  A spectral hobgoblin (D:4)
102 creatures vanquished.

Notes
Turn   | Place    | Note
-------+----------+-------------------------------------------
     0 | D:1      | hikkokomori the Hill Orc Fighter began the quest for the
                  | Orb.
     0 | D:1      | Reached XP level 1. HP: 19/19 MP: 1/1
   164 | D:1      | Reached XP level 2. HP: 27/27 MP: 2/2
   461 | D:1      | Reached XP level 3. HP: 32/33 MP: 3/3
   835 | D:2      | Found a faded altar of an unknown god.
   843 | D:2      | Noticed Natasha
   851 | D:2      | Killed Natasha
   852 | D:2      | Reached XP level 4. HP: 18/41 MP: 4/4
   963 | D:2      | Noticed Natasha
   969 | D:2      | Killed Natasha
  1515 | D:2      | Noticed Natasha
  1522 | D:2      | Killed Natasha
  1523 | D:2      | Reached XP level 5. HP: 20/47 MP: 5/5
  2215 | D:3      | Found a glowing golden altar of the Shining One.
  2391 | D:3      | Found a transporter.
  2394 | D:3      | Noticed suduhmizer's ghost (amateur TrHu)
  2604 | D:3      | Found a transporter.
  2926 | D:3      | Identified the +1 whip of Eternal Harmony {flame, rElec
                  | Int+2}
  3161 | D:4      | Found a hazy altar of Hepliaklqana.
  3204 | D:4      | Reached skill level 5 in Fighting
  3204 | D:4      | Reached skill level 1 in Maces & Flails
  3204 | D:4      | Reached XP level 6. HP: 54/56 MP: 6/6
  3229 | D:5      | Entered Level 5 of the Dungeon
  3236 | D:5      | HP: 2/56 [bullfrog skeleton (2)]
  3922 | D:4      | You fall into a shaft and drop 3 floors!
  3922 | D:7      | Noticed an ice beast
  3956 | D:7      | Killed an ice beast
  3957 | D:7      | Reached skill level 5 in Armour
  3957 | D:7      | Reached skill level 5 in Shields
  3957 | D:7      | Identified 4 scrolls of acquirement
  3957 | D:7      | Acquired a +2 vorpal broad axe
  3972 | D:6      | Noticed an ice beast
  3975 | D:6      | Noticed a sky beast
  3990 | D:6      | Killed a sky beast
  3991 | D:6      | Reached XP level 7. HP: 42/62 MP: 7/7
  4089 | D:6      | Acquired the amulet of Agnosticism {rElec Regen+ rCorr}
  4096 | D:6      | Acquired 985 gold pieces
  4098 | D:6      | Acquired the +2 pair of gloves "Coitod" {Str+3 Int+4}
  4409 | D:6      | Reached XP level 8. HP: 71/71 MP: 8/8
  4644 | D:6      | Found a staircase to the Ecumenical Temple.
  5349 | D:5      | Noticed Ijyb
  5351 | D:5      | Noticed Edmund
  5354 | D:5      | HP: 2/71 [Ijyb/+0 club (2)]
  5354 | D:5      | Slain by an iguana

Illustrated notes

Levels and vault maps discovered:
D:1:      wander_arrival_fairy_ring, layout_basic, chequers_serial_rivers_room_a
D:2:      layout_loops_ring, shapermc_ecumenical_altar_venn, uniq_natasha
D:3:      layout_loops_ring, mainiacjoe_overflow_chevrons,
          gammafunk_ghost_arena, hangedman_glass_teeth
D:4:      layout_basic, nicolae_hepliaklqana_monster_ancestors,
          due_unseen_surprise
D:5:      layout_basic, lemuel_doored_altar, overflow_temple_1_default,
          amethyst_overflow_temple_binary, minmay_manual_mess, uniq_ijyb,
          uniq_edmund, uniq_sigmund, uniq_menkaure
D:6:      layout_layer_cave, minmay_temple_entry_hall
D:7:      layout_basic, nicolae_wu_jian_immortal_techniques

Skill      XL: |  1  2  3  4  5  6  7  8 |
---------------+-------------------------+-----
Axes           | 3 4 |  4.2
Fighting       | 4 5 6 |  6.9
Armour         | 4 5 6 |  6.3
Shields        | 4 5 6 |  6.3
Maces & Flails | 1 2 3 4 |  4.3

Action                   |  1- 3 |  4- 6 |  7- 9 || total
-------------------------+-------+-------+-------++-------
Melee: War axe           |    91 |    88 |       ||   179
       Whip              |       |   127 |   120 ||   247
Evoke: Wand              |       |     4 |       ||     4
  Use: Scroll            |       |     7 |     5 ||    12
       Potion            |       |     4 |     2 ||     6
Armor: Scale mail        |    40 |    70 |       ||   110
       Plate armour      |       |    31 |   120 ||   151
Dodge: Dodged            |    37 |    76 |    46 ||   159
Block: Buckler           |    19 |    54 |    31 ||   104
